[Event "Titled Tuesday Blitz August 17 2021"]
[White "Khanin, Semen"]
[Black "Holt, Conrad"]
[WhiteFideId "4111990"]
[BlackFideId "2034387"]
[WhiteElo "2521"]
[BlackElo "2586"]
[Result "0-1"]
[Round "10"]
[TimeControl "180+1"]
[Date "2021.08.17"]
[WhiteClock "0:00:57"]
[BlackClock "0:01:13"]

1. e4 e6 2. d4 d5 3. e5 c5 4. c3 Bd7 5. Nf3 Qb6 6. Bd3 Bb5 7. dxc5 Bxc5 8. Bxb5+ Qxb5 9. b4 Bb6 10. Na3 Qd7 11. c4 a5 12. cxd5 exd5 13. b5 Ne7 14. Nc2 Qxb5 15. Ncd4 Bxd4 16. Nxd4 Qb4+ 17. Qd2 Nbc6 18. Qxb4 axb4 19. Nb5 O-O 20. Bb2 Ra5 21. Nd6 Rfa8 22. Nxb7 Rxa2 23. O-O d4 24. Nc5 Nd5 25. Nd3 Rxa1 26. Rxa1 Rxa1+ 27. Bxa1 Kf8 28. Kf1 Ke7 29. Ke2 Ke6 30. f4 Kf5 31. Kf3 h5 32. g3 g5 33. fxg5 Nxe5+ 34. Nxe5 Kxe5 35. h4 Ne3 36. Bb2 b3 37. Bc1 Kf5 38. Bb2 Nc4 39. Bxd4 b2 40. Bxb2 Nxb2 41. Ke3 Nc4+ 42. Kd4 Nd2 43. Kd5 Ne4 44. g4+ hxg4 0-1


[Site "https://www.chess.com"]

[Event "Titled Tuesday Blitz August 17 2021"]
[White "Kislov, Oleg"]
[Black "Lopez Gracia, Fernando"]
[WhiteFideId "13503774"]
[BlackFideId "2207184"]
[WhiteElo "2252"]
[BlackElo "2381"]
[Result "1/2-1/2"]
[Round "10"]
[TimeControl "180+1"]
[Date "2021.08.17"]
[WhiteClock "0:00:39"]
[BlackClock "0:00:50"]

1. e4 e5 2. Nf3 Nc6 3. d4 exd4 4. Nxd4 Nf6 5. Nc3 Bb4 6. Nxc6 bxc6 7. Bd3 d5 8. exd5 O-O 9. O-O Bg4 10. f3 Bh5 11. Bg5 Bxc3 12. bxc3 cxd5 13. c4 c6 14. cxd5 cxd5 15. Rb1 Qd6 16. Qd2 Bg6 17. Rfd1 Rac8 18. Rb7 Bxd3 19. Qxd3 h6 20. Bxf6 Qxf6 21. Rxa7 Qb6+ 22. Qd4 Qxd4+ 23. Rxd4 Rxc2 24. Rxd5 Rb8 25. h4 Rbb2 26. Rd8+ Kh7 27. Rxf7 Rxg2+ 28. Kf1 Rh2 29. Kg1 Rbg2+ 30. Kf1 Rxa2 31. Kg1 Rag2+ 32. Kf1 Rg3 33. Rf4 Rgh3 34. Rd7 Rh1+ 35. Kf2 R3h2+ 36. Kg3 Rh3+ 37. Kg2 R1h2+ 38. Kg1 Rh1+ 39. Kg2 R1h2+ 40. Kg1 Rh1+ 41. Kg2 1/2-1/2


[Site "https://www.chess.com"]

[Event "Titled Tuesday Blitz August 17 2021"]
[White "Koellner, Ruben Gideon"]
[Black "Yaran, Siar"]
[WhiteFideId "12993093"]
[BlackFideId "6323006"]
[WhiteElo "2536"]
[BlackElo "1977"]
[Result "0-1"]
[Round "10"]
[TimeControl "180+1"]
[Date "2021.08.17"]
[WhiteClock "0:00:08"]
[BlackClock "0:00:39"]

1. d4 Nf6 2. Bg5 Ne4 3. Bf4 f6 4. f3 e5 5. dxe5 fxe5 6. Bxe5 Nc6 7. Qd5 Nf6 8. Bxf6 Qxf6 9. Nc3 Bb4 10. Qe4+ Kf7 11. O-O-O Bxc3 12. Qc4+ d5 13. Qxc3 d4 14. Qb3+ Be6 15. Qxb7 Qh6+ 16. Kb1 Rhb8 17. Qxc6 Bxa2+ 18. Kxa2 Qxc6 19. Rxd4 Qxc2 0-1


[Site "https://www.chess.com"]

[Event "Titled Tuesday Blitz August 17 2021"]
[White "Korchmar, Vasiliy"]
[Black "Demchenko, Anton"]
[WhiteFideId "24131750"]
[BlackFideId "4160258"]
[WhiteElo "2370"]
[BlackElo "2583"]
[Result "0-1"]
[Round "10"]
[TimeControl "180+1"]
[Date "2021.08.17"]
[WhiteClock "0:00:01"]
[BlackClock "0:00:05"]

1. e4 e5 2. Nf3 Nc6 3. Nc3 Nf6 4. Bb5 Nd4 5. Bc4 c6 6. Nxe5 d5 7. exd5 Bd6 8. f4 O-O 9. O-O cxd5 10. Be2 Re8 11. d3 Nc6 12. d4 Bb4 13. Be3 Qa5 14. Nb1 Ne4 15. c3 Bf8 16. Nd2 Nd6 17. Bd3 Bf5 18. Nxc6 bxc6 19. Bxf5 Nxf5 20. Bf2 Qc7 21. Qg4 g6 22. Rae1 a5 23. Nf3 a4 24. Ne5 Rab8 25. Re2 Bg7 26. Nd3 Rxe2 27. Qxe2 Nd6 28. Nc5 Qa7 29. Re1 Bf6 30. b3 axb3 31. axb3 Nb5 32. Qd2 Be7 33. h3 Bd6 34. c4 Nc7 35. f5 Ne8 36. fxg6 hxg6 37. cxd5 cxd5 38. Qg5 Bf8 39. Qxd5 Nf6 40. Qc4 Rd8 41. Bh4 Bg7 42. Rf1 Rd6 43. Bg3 Rd8 44. Be5 Nd5 45. Bxg7 Kxg7 46. Ne4 Qe7 47. Qd3 Nb4 48. Qf3 Nc2 49. Ng5 Nxd4 50. Qxf7+ Qxf7 51. Rxf7+ Kh6 52. h4 Kh5 53. g3 Kg4 54. Kg2 Nf5 55. Nf3 Ne3+ 56. Kf2 Nd1+ 0-1


[Site "https://www.chess.com"]

[Event "Titled Tuesday Blitz August 17 2021"]
[White "Kovalev, Vladislav"]
[Black "Potapova, Margarita"]
[WhiteFideId "13504398"]
[BlackFideId "14126869"]
[WhiteElo "2573"]
[BlackElo "2214"]
[Result "1-0"]
[Round "10"]
[TimeControl "180+1"]
[Date "2021.08.17"]
[WhiteClock "0:02:09"]
[BlackClock "0:01:08"]

1. e4 c5 2. Be2 d6 3. d3 g6 4. f4 Bg7 5. Nf3 Nc6 6. O-O Nf6 7. c3 O-O 8. Kh1 b5 9. a3 a5 10. Be3 Bb7 11. Nbd2 b4 12. d4 cxd4 13. cxd4 d5 14. e5 Ne4 15. Nxe4 dxe4 16. Ng5 h6 17. Nxf7 Rxf7 18. Bc4 Ba6 19. Bxf7+ Kxf7 20. Qb3+ e6 21. f5 Bxf1 22. Qxe6+ Kf8 23. Rxf1 Nxe5 24. dxe5 Qe7 25. fxg6+ Ke8 26. Qc6+ 1-0


[Site "https://www.chess.com"]

[Event "Titled Tuesday Blitz August 17 2021"]
[White "Krysa, Leandro"]
[Black "Sokolin, Leonid"]
[WhiteFideId "116807"]
[BlackFideId "2009161"]
[WhiteElo "2490"]
[BlackElo "2394"]
[Result "1/2-1/2"]
[Round "10"]
[TimeControl "180+1"]
[Date "2021.08.17"]
[WhiteClock "0:00:06"]
[BlackClock "0:00:11"]

1. e4 c5 2. Nf3 Nc6 3. d4 cxd4 4. Nxd4 e5 5. Nf5 d5 6. Qxd5 Qxd5 7. exd5 Bxf5 8. dxc6 bxc6 9. Bd3 Bxd3 10. cxd3 O-O-O 11. Ke2 Ne7 12. Be3 Kb7 13. Rc1 Nf5 14. Nd2 Nd4+ 15. Bxd4 Rxd4 16. Nb3 Rd5 17. Rc4 Bd6 18. Rac1 Rc8 19. Ra4 Kb6 20. h4 Rb5 21. g3 f5 22. Kf3 Rd5 23. Ke2 Rb5 24. Rc2 a5 25. Nd2 Ka6 26. Rac4 Kb6 27. R4c3 Bb4 28. Nc4+ Ka6 29. a4 Rc5 30. Rb3 g6 31. Ne3 Rxc2+ 32. Nxc2 c5 33. Kd1 Rd8 34. Ke2 Kb6 35. Ne3 Kc6 36. Nc4 Kd5 37. Nb6+ Kd4 38. Nc4 h6 39. Ne3 f4 40. gxf4 exf4 41. Nc2+ Kd5 42. d4 Kc4 43. Rf3 g5 44. hxg5 hxg5 45. b3+ Kd5 46. dxc5 Ke4 47. Nxb4 axb4 48. Rh3 Rc8 49. Rh7 Rxc5 50. Re7+ Kd4 51. Kd2 Rc3 52. Rd7+ Ke4 53. Rg7 Kf3 54. Rxg5 Rxb3 55. Rb5 Rb2+ 56. Kc1 Rxf2 57. Rxb4 Kg2 58. Kb1 f3 59. a5 Rd2 60. Rb8 Rd5 61. Rg8+ Kf1 62. a6 Ra5 63. Rg6 f2 64. Kb2 Ke1 65. Re6+ Kd2 66. Rd6+ Ke3 67. Re6+ Kf4 68. Rf6+ Rf5 69. Rxf5+ Kxf5 70. a7 f1=Q 71. a8=Q Qb5+ 72. Kc3 Qc5+ 73. Kb3 Qe3+ 74. Kb2 Qe2+ 75. Kb3 Qe3+ 76. Kb2 Qe2+ 77. Kb3 Qe3+ 1/2-1/2


[Site "https://www.chess.com"]

[Event "Titled Tuesday Blitz August 17 2021"]
[White "Kuzubov, Yuriy"]
[Black "Garriga Cazorla, Pere"]
[WhiteFideId "14112906"]
[BlackFideId "32011601"]
[WhiteElo "2564"]
[BlackElo "2430"]
[Result "0-1"]
[Round "10"]
[TimeControl "180+1"]
[Date "2021.08.17"]
[WhiteClock "0:00:02"]
[BlackClock "0:00:09"]

1. d4 Nf6 2. Nf3 e6 3. c4 d5 4. g3 Bb4+ 5. Bd2 Bd6 6. Nc3 O-O 7. Bg5 c6 8. Bg2 Nbd7 9. e4 dxe4 10. Nxe4 Bb4+ 11. Nc3 h6 12. Bf4 c5 13. O-O cxd4 14. Qxd4 Qb6 15. Nb5 Bc5 16. Qd2 Ne4 17. Qe2 Nd6 18. b4 Bxb4 19. Rab1 Nxb5 20. Rxb4 Nd4 21. Qb2 Nxf3+ 22. Bxf3 Qc5 23. Rd1 Qf5 24. Rb5 e5 25. Re1 Qf6 26. Rbxe5 Nxe5 27. Rxe5 Bf5 28. h4 Rad8 29. Qxb7 Be6 30. c5 Rd4 31. c6 Rxf4 32. gxf4 Qxf4 33. Re3 Qxh4 34. c7 Qg5+ 35. Bg2 Rc8 36. Qc6 Kh7 37. Qb7 Qf4 38. Rxe6 Rxc7 39. Qb1+ g6 40. Re1 h5 41. Qd3 Rc5 42. Qf3 Qxf3 43. Bxf3 Rg5+ 44. Kf1 Ra5 45. Re2 f5 46. Bc6 Kh6 47. Rc2 Ra6 48. Bd5 Rd6 49. Bb3 Kg5 50. Kg2 Kh4 51. Rc4+ Kg5 52. Rc7 f4 53. Rxa7 Kh4 54. Ra4 g5 55. Re4 Rf6 56. f3 g4 57. Re5 Rd6 58. Re2 Rd3 59. Rf2 Re3 60. fxg4 Kxg4 61. Bd1+ Kg5 62. Bf3 Ra3 63. Rb2 Ra5 64. Bd1 Kh4 65. a4 Rg5+ 66. Kh2 Rd5 67. Bf3 Rd3 68. Kg2 Ra3 0-1


[Site "https://www.chess.com"]

[Event "Titled Tuesday Blitz August 17 2021"]
[White "Kvon, Andrey"]
[Black "Drygalov, Sergey"]
[WhiteFideId "14201356"]
[BlackFideId "24171743"]
[WhiteElo "2458"]
[BlackElo "2514"]
[Result "1-0"]
[Round "10"]
[TimeControl "180+1"]
[Date "2021.08.17"]
[WhiteClock "0:00:11"]
[BlackClock "0:00:03"]

1. e4 c5 2. b3 b6 3. Bb2 Bb7 4. f3 Nf6 5. d4 g6 6. Ne2 Bg7 7. c4 O-O 8. Nbc3 Nc6 9. d5 Ne5 10. f4 Neg4 11. Qd3 d6 12. h3 Nh6 13. g4 e6 14. g5 exd5 15. exd5 Nf5 16. gxf6 Qxf6 17. O-O-O Rfe8 18. Na4 Qe7 19. Bxg7 Nxg7 20. Ng3 Bc8 21. Qc3 Qh4 22. Qf3 Bd7 23. Nc3 a6 24. Bd3 b5 25. Nce4 bxc4 26. bxc4 f5 27. Nc3 Rab8 28. Kc2 Rb4 29. Rb1 Reb8 30. Rb3 a5 31. Nge2 a4 32. Rbb1 Qf6 33. Qe3 Ne8 34. Rxb4 cxb4 35. Nb5 Bxb5 36. cxb5 Nc7 37. Qd4 Qe7 38. Kb1 Rxb5 39. Bc4 Rc5 40. Rc1 b3 41. axb3 axb3 42. Nc3 Qh4 43. Bxb3 Qxh3 44. Kb2 Qg2+ 45. Rc2 Qf3 46. Rd2 h5 47. Qb4 h4 48. Rc2 h3 49. Qb8+ Kg7 50. Qd8 Qg2 51. Qe7+ Kg8 52. Rxg2 hxg2 53. Qg5 Kg7 54. Qxg2 Na6 55. Qg5 Rc7 56. Bc2 Nc5 57. Bxf5 Rb7+ 58. Kc2 1-0


[Site "https://www.chess.com"]

[Event "Titled Tuesday Blitz August 17 2021"]
[White "Lagunow, Raphael"]
[Black "Ladan, Nicholas"]
[WhiteFideId "24652644"]
[BlackFideId "30918855"]
[WhiteElo "2400"]
[BlackElo "2361"]
[Result "1-0"]
[Round "10"]
[TimeControl "180+1"]
[Date "2021.08.18"]
[WhiteClock "0:00:16"]
[BlackClock "0:00:54"]

1. e4 e5 2. Nf3 Nc6 3. Bc4 Nf6 4. Ng5 d5 5. exd5 Na5 6. Bb5+ c6 7. dxc6 bxc6 8. Bd3 Nd5 9. Nf3 Bd6 10. O-O O-O 11. Re1 Qc7 12. c4 Nf4 13. Bf1 Bg4 14. h3 Bh5 15. d4 Rad8 16. Bxf4 exf4 17. Nbd2 Bb4 18. Be2 Bxf3 19. Nxf3 Bxe1 20. Qxe1 Rfe8 21. Qf1 Nb7 22. b4 Nd6 23. Rd1 a5 24. a3 Ne4 25. Bd3 axb4 26. axb4 Qb8 27. Rb1 Re7 28. c5 Nc3 29. Rb3 Nb5 30. Bxb5 Qxb5 31. Qxb5 cxb5 32. Ra3 f6 33. Ra5 Rb7 34. Kf1 Kf7 35. Ke2 Ke6 36. Kd3 Kd5 37. Nd2 f5 38. Nb1 Re8 39. Nc3+ Kc6 40. d5+ Kc7 41. Rxb5 Reb8 42. Rxb7+ Rxb7 43. b5 Ra7 44. Kd4 Ra3 45. b6+ Kb7 46. Nb5 Ra4+ 47. Ke5 Rc4 48. Nd6+ Ka6 49. Nxc4 f3 50. gxf3 f4 51. d6 g5 52. d7 h5 53. d8=Q g4 54. Qa8+ Kb5 55. Nd6+ Kxc5 56. b7 g3 57. Qa5+ Kc6 58. Qb5+ Kc7 59. b8=Q# 1-0


[Site "https://www.chess.com"]

[Event "Titled Tuesday Blitz August 17 2021"]
[White "Lashkin, Jegor"]
[Black "Awatramani, Janak"]
[WhiteFideId "13907808"]
[BlackFideId "2608359"]
[WhiteElo "2293"]
[BlackElo "2912"]
[Result "1-0"]
[Round "10"]
[TimeControl "180+1"]
[Date "2021.08.17"]
[WhiteClock "0:01:14"]
[BlackClock "0:01:51"]

1. d4 d5 2. c4 e6 3. Nf3 Nf6 4. Nc3 Be7 5. Bf4 a6 6. c5 b6 7. cxb6 cxb6 8. e3 Bb7 9. Bd3 O-O 10. O-O b5 11. a4 b4 12. Ne2 a5 13. Nc1 Ba6 14. Nb3 Nbd7 15. Bxa6 Rxa6 16. Qd3 Qa8 17. Rfc1 Nb6 18. Ne5 Ne4 19. f3 Nf6 20. Rc7 Bd8 21. Rc2 Nh5 22. Nc5 Nxf4 23. Qxa6 Qxa6 24. Nxa6 Ng6 25. Nxg6 hxg6 26. b3 Bg5 27. Kf2 f6 28. Nc5 e5 29. Ne6 Re8 30. Nxg5 fxg5 31. Rc6 Nd7 32. Rac1 Kh7 33. Rc8 1-0


[Site "https://www.chess.com"]

[Event "Titled Tuesday Blitz August 17 2021"]
[White "Laurusas, Tomas"]
[Black "Kononenko, Dmitry"]
[WhiteFideId "12803731"]
[BlackFideId "14113538"]
[WhiteElo "2542"]
[BlackElo "2276"]
[Result "1-0"]
[Round "10"]
[TimeControl "180+1"]
[Date "2021.08.17"]
[WhiteClock "0:01:20"]
[BlackClock "0:00:11"]

1. Nf3 c5 2. d3 Nc6 3. Nbd2 g6 4. e4 Bg7 5. Be2 Nf6 6. O-O d5 7. Re1 O-O 8. c3 e5 9. exd5 Nxd5 10. a4 Re8 11. Nc4 h6 12. Bf1 Qc7 13. a5 Be6 14. Qa4 Rad8 15. Bd2 Kh7 16. Rad1 f5 17. Bc1 Bf7 18. Qb5 e4 19. dxe4 fxe4 20. Nfd2 e3 21. fxe3 Ne5 22. e4 Ng4 23. Nf3 Nf4 24. Rxd8 Rxd8 25. Bxf4 Qxf4 26. Qxb7 Bxc4 27. Bxc4 Rd2 28. Qf7 Qxf7 29. Bxf7 Rxb2 30. e5 Rb7 31. e6 Bf6 32. h3 Bxc3 33. Rc1 Bb2 34. a6 Rb8 35. Rxc5 Nf6 36. Rc7 Kh8 37. Rb7 Rc8 38. Rxb2 Kg7 39. Rb7 Ne4 40. Rxa7 Kf6 41. Rb7 h5 42. a7 Rc1+ 43. Kh2 Ra1 44. h4 Nf2 45. Kg3 Ne4+ 46. Kf4 Ra4 47. a8=Q Rxa8 48. Kxe4 Ra4+ 49. Nd4 g5 50. hxg5+ Kxg5 51. e7 Rxd4+ 52. Kxd4 1-0


[Site "https://www.chess.com"]

[Event "Titled Tuesday Blitz August 17 2021"]
[White "Leitao, Rafael"]
[Black "Tikhonov, Viacheslav"]
[WhiteFideId "2101246"]
[BlackFideId "44196407"]
[WhiteElo "2609"]
[BlackElo "1773"]
[Result "1-0"]
[Round "10"]
[TimeControl "180+1"]
[Date "2021.08.17"]
[WhiteClock "0:00:07"]
[BlackClock "0:00:03"]

1. c4 Nf6 2. Nc3 g6 3. g3 c6 4. e4 d5 5. exd5 cxd5 6. d4 Bg7 7. cxd5 Nxd5 8. Bg2 Nxc3 9. bxc3 O-O 10. Nf3 Be6 11. O-O Nc6 12. Re1 Bd5 13. Qe2 Re8 14. Bg5 Rc8 15. Bh3 Ra8 16. Rad1 Qa5 17. Bd2 Qxa2 18. Rb1 b6 19. Bg2 Rad8 20. Rec1 Qc4 21. Qxc4 Bxc4 22. Bf4 Na5 23. Rb4 Bd5 24. Nd2 e6 25. Bf1 Rc8 26. Ba6 Bb7 27. Bb5 Bc6 28. Ba6 Bb7 29. Bb5 Nc6 30. Rbb1 Red8 31. Nc4 Bf8 32. Ne3 Ne7 33. Bg5 Kg7 34. Ng4 Rd5 35. Bf6+ Kg8 36. Be2 h5 37. Ne5 Nc6 38. Bf3 Rd6 39. Re1 Nxe5 40. Bxb7 Rb8 41. dxe5 Rd3 42. Be4 Rxc3 43. Red1 Rc5 44. Rd7 a5 45. Rbd1 a4 46. Rd8 Rcc8 47. Rxc8 Rxc8 48. Rd7 a3 49. Ra7 b5 50. Kg2 b4 51. Bb7 Rb8 52. Be4 b3 53. Bb1 a2 54. Bxa2 bxa2 55. Rxa2 Bg7 56. Bxg7 Kxg7 57. f4 Rb5 58. Kf3 g5 59. Rd2 g4+ 60. Kg2 Rb3 61. Re2 Kg6 62. Rd2 Rb7 63. Re2 Kf5 64. Rd2 Ke4 65. Re2+ Kd3 66. Ra2 Ke4 67. Re2+ Kf5 68. Ra2 h4 69. gxh4 Kxf4 70. Re2 Rb5 71. Rf2+ Kxe5 72. Rxf7 Ke4 73. Kg3 Rb2 74. h5 Rb3+ 75. Kxg4 Rb2 76. h3 Rg2+ 77. Kh4 e5 78. h6 Ra2 79. h7 Ra8 80. Kg5 Kd5 81. Kg6 Ke6 82. Kg7 e4 83. Rf6+ Ke7 84. Rf4 Ra4 85. h8=Q Ke6 86. Qe8+ Kd5 87. Qxa4 Ke5 88. Qxe4+ Kd6 89. Rf6+ Kc7 90. Qe7+ Kc8 91. Rf8# 1-0


[Site "https://www.chess.com"]

[Event "Titled Tuesday Blitz August 17 2021"]
[White "Levitskiy, Andrey"]
[Black "Bologan, Victor"]
[WhiteFideId "14132885"]
[BlackFideId "13900048"]
[WhiteElo "2340"]
[BlackElo "2511"]
[Result "0-1"]
[Round "10"]
[TimeControl "180+1"]
[Date "2021.08.17"]
[WhiteClock "0:00:02"]
[BlackClock "0:00:41"]

1. e4 c6 2. Nf3 d5 3. exd5 cxd5 4. Ne5 Nd7 5. d4 Nxe5 6. dxe5 a6 7. Bd3 e6 8. O-O Ne7 9. Nd2 Nc6 10. f4 Bd7 11. c3 Qb6+ 12. Kh1 g5 13. fxg5 Nxe5 14. Be2 Bg7 15. Nf3 Ng6 16. Qd3 Bb5 17. Qc2 O-O 18. a4 Bxe2 19. Qxe2 e5 20. Be3 Qc6 21. a5 f5 22. gxf6 Rxf6 23. Bg5 Rf5 24. Rad1 Raf8 25. Be3 Qa4 26. Rxd5 e4 27. Rxf5 Rxf5 28. Nd2 Rxf1+ 29. Qxf1 Qxa5 30. Qc4+ Kh8 31. Qxe4 Qa1+ 32. Qb1 Qa4 33. h3 Be5 34. Qf1 Qc2 35. Nf3 Bg7 36. Qc1 Qe4 37. Qd2 Bf6 38. Bd4 Bxd4 39. Qxd4+ Qxd4 40. Nxd4 Ne5 41. Ne6 b6 42. Nc7 a5 43. b3 Nd3 44. Nd5 b5 45. Nc7 a4 46. bxa4 bxa4 47. Nb5 Kg7 48. Kg1 Kf6 49. Kf1 Ke5 50. Ke2 Nf4+ 51. Kf3 Nd5 52. g4 Nb6 53. h4 Kd5 54. g5 Kc4 55. Na3+ Kb3 56. Nb5 Kc4 57. Na3+ Kxc3 58. h5 Kb2 59. g6 hxg6 60. h6 Nd7 61. h7 Ne5+ 62. Ke4 Nf7 63. Nc4+ Kc3 64. Ne5 Nh8 65. Kd5 a3 66. Ke6 a2 67. Nf7 a1=Q 68. Nxh8 Qh1 69. Nxg6 Qxh7 70. Ne5 Qh6+ 71. Kd5 Qg5 72. Kd6 Qf5 73. Nc6 Kc4 74. Ne7 Qf6+ 75. Kd7 Kc5 76. Nc8 Qc6+ 77. Kd8 Qb7 78. Ne7 Kd6 79. Nf5+ Ke6 80. Nd4+ Kd5 81. Nf5 Qb8+ 82. Kd7 Qb6 83. Ne7+ Kc5 84. Nc8 Qc6+ 85. Kd8 Qe6 86. Ne7 Kb6 87. Nc8+ Kb7 88. Ne7 Qf7 89. Kd7 Kb6 90. Kd6 Kb5 91. Kd7 Kc5 92. Kd8 Qe6 93. Nc8 Kc6 94. Ne7+ Kb7 95. Ke8 Kc7 96. Kf8 Kd7 97. Ng8 Qg6 98. Ne7 Qe8+ 99. Kg7 Qxe7+ 0-1


[Site "https://www.chess.com"]

[Event "Titled Tuesday Blitz August 17 2021"]
[White "Ljukin, Sergei"]
[Black "Elissalt Cardenas, Hector"]
[WhiteFideId "14102200"]
[BlackFideId "3500632"]
[WhiteElo "2309"]
[BlackElo "2274"]
[Result "1-0"]
[Round "10"]
[TimeControl "180+1"]
[Date "2021.08.17"]
[WhiteClock "0:00:53"]
[BlackClock "0:00:02"]

1. e4 d6 2. d4 Nf6 3. Nc3 Nbd7 4. f4 e5 5. Nf3 exd4 6. Nxd4 c6 7. Bd3 g6 8. Be3 Bg7 9. O-O O-O 10. Kh1 Nc5 11. Nf3 Nxd3 12. Qxd3 d5 13. exd5 Bf5 14. Qd2 Nxd5 15. Nxd5 Qxd5 16. Qxd5 cxd5 17. c3 Be4 18. Rad1 b5 19. Bd4 a5 20. Bxg7 Kxg7 21. Nd4 b4 22. f5 bxc3 23. f6+ Kh8 24. bxc3 Rab8 25. Rf2 Rb6 26. a4 Rc8 27. Nb5 Rc4 28. Ra1 h5 29. h4 Kh7 30. Kh2 Rcc6 31. Raf1 Rc4 32. Ra1 Rcc6 33. Re2 Rxf6 34. c4 Rf4 35. c5 Rb8 36. g3 Rf6 37. Rc1 Rc8 38. Nd4 Rf5 39. Nxf5 1-0


[Site "https://www.chess.com"]

[Event "Titled Tuesday Blitz August 17 2021"]
[White "Loy, Konstantin"]
[Black "Sarkar, Justin"]
[WhiteFideId "14122499"]
[BlackFideId "2010011"]
[WhiteElo "2084"]
[BlackElo "2094"]
[Result "0-1"]
[Round "10"]
[TimeControl "180+1"]
[Date "2021.08.18"]
[WhiteClock "0:00:02"]
[BlackClock "0:00:01"]

1. e4 e5 2. Nf3 Nc6 3. d4 exd4 4. Nxd4 Nf6 5. Nxc6 bxc6 6. Bd3 d6 7. O-O Be7 8. Nc3 O-O 9. f4 Nd7 10. Be3 Bf6 11. Qf3 Rb8 12. Rab1 g6 13. Bxa7 Ra8 14. Be3 Bxc3 15. bxc3 Rxa2 16. Rf2 Ba6 17. Qe2 Bxd3 18. Qxd3 Qe7 19. Qc4 Rfa8 20. Qxc6 Nf6 21. h3 Nxe4 22. Re2 Ng3 23. Ree1 Qh4 24. Bf2 Rf8 25. Re3 Qxf4 26. Rxg3 Rxc2 27. Rf3 Qd2 28. Rf1 f5 29. Qxc7 Rf7 30. Qc4 Kg7 31. Qd4+ Qxd4 32. Bxd4+ Kg8 33. R3f2 Rxf2 34. Rxf2 Rb7 35. Re2 Kf7 36. Kf2 Rb3 37. Ke3 g5 38. Kd3 f4 39. Kc4 Ra3 40. Kd5 Ra6 41. Rb2 h5 42. Rb6 Ra5+ 43. Kxd6 g4 44. hxg4 hxg4 45. Rb7+ Kg6 46. Rg7+ Kf5 47. c4 f3 48. gxf3 gxf3 49. Rf7+ Ke4 50. Bb6 Ra6 51. Kc6 Ra3 0-1


[Site "https://www.chess.com"]

[Event "Titled Tuesday Blitz August 17 2021"]
[White "Machidon, Cristi"]
[Black "Ivanov, Oleg"]
[WhiteFideId "13904590"]
[BlackFideId "4103114"]
[WhiteElo "2312"]
[BlackElo "2697"]
[Result "1/2-1/2"]
[Round "10"]
[TimeControl "180+1"]
[Date "2021.08.17"]
[WhiteClock "0:00:18"]
[BlackClock "0:00:16"]

1. d4 d5 2. Nf3 Nf6 3. Bg5 e6 4. Nbd2 Be7 5. c3 h6 6. Bxf6 Bxf6 7. e4 Be7 8. Bd3 O-O 9. O-O c5 10. exd5 Qxd5 11. Qe2 Nc6 12. dxc5 Qxc5 13. Rad1 Bd7 14. Nb3 Qh5 15. Bh7+ Kxh7 16. Rxd7 Rab8 17. Qe4+ Qg6 18. Qxg6+ Kxg6 19. Rfd1 Rfd8 20. Kf1 f6 21. Ke2 Kf7 22. a4 e5 23. Rxd8 Rxd8 24. Rxd8 Nxd8 25. Nfd2 Ke6 26. Kd3 f5 27. f3 Kd5 28. g4 g6 29. gxf5 gxf5 30. Nf1 e4+ 31. fxe4+ fxe4+ 32. Ke2 Ne6 33. Ne3+ Ke5 34. Ng4+ Kf4 35. Nxh6 Kg5 36. Nf7+ Kf6 37. Nh6 Kg5 38. Nf7+ Kf6 39. Nh6 Kg5 1/2-1/2


[Site "https://www.chess.com"]

[Event "Titled Tuesday Blitz August 17 2021"]
[White "Maevsky, Nikolay"]
[Black "Eynullayev, Altay"]
[WhiteFideId "4198220"]
[BlackFideId "13413562"]
[WhiteElo "2213"]
[BlackElo "2079"]
[Result "1-0"]
[Round "10"]
[TimeControl "180+1"]
[Date "2021.08.17"]
[WhiteClock "0:00:12"]
[BlackClock "0:00:03"]

1. d4 Nf6 2. Nf3 e6 3. e3 b6 4. Bd3 Bb7 5. Nbd2 d5 6. b3 Bd6 7. Bb2 O-O 8. O-O Nbd7 9. Ne5 c5 10. f4 Rc8 11. Qe2 Qe7 12. Rad1 Rfd8 13. Nxd7 Rxd7 14. dxc5 Bxc5 15. Nf3 Rdc7 16. Ne5 Ne4 17. Rf3 f6 18. Ng4 Ba3 19. Ba1 Nc3 20. Bxc3 Rxc3 21. Rh3 f5 22. Ne5 Bd6 23. Qh5 h6 24. Qg6 Bxe5 25. fxe5 Kh8 26. g4 Rxd3 27. cxd3 Rc2 28. d4 Ba6 29. g5 Bd3 30. gxh6 Kg8 31. Rg3 f4 32. Qxg7+ Qxg7 33. Rxg7+ Kf8 34. Rxd3 1-0


[Site "https://www.chess.com"]

[Event "Titled Tuesday Blitz August 17 2021"]
[White "Majer, Damir"]
[Black "Karavaeva, Olga"]
[WhiteFideId "4615689"]
[BlackFideId "4124111"]
[WhiteElo "2400"]
[BlackElo "2105"]
[Result "1-0"]
[Round "10"]
[TimeControl "180+1"]
[Date "2021.08.18"]
[WhiteClock "0:00:16"]
[BlackClock "0:00:03"]

1. d4 d5 2. Nf3 c6 3. e3 Bf5 4. Bd3 Bg6 5. Ne5 e6 6. Nxg6 hxg6 7. f4 Ne7 8. Qf3 Nd7 9. Nd2 Qc7 10. c4 Nf5 11. a3 Be7 12. g4 Bh4+ 13. Ke2 Nd6 14. b3 Be7 15. Bb2 a5 16. Rac1 dxc4 17. bxc4 O-O-O 18. Bc3 Rh4 19. c5 Nb5 20. Bb2 Rdh8 21. h3 Nf6 22. Nc4 Nxg4 23. hxg4 Rh2+ 24. Rxh2 Rxh2+ 25. Kf1 Bh4 26. Rc2 Rxc2 27. Bxc2 Qd8 28. g5 f6 29. Qg4 fxg5 30. Qxe6+ Kb8 31. Qe5+ Ka7 32. Nb6 gxf4 33. Qxf4 g5 34. Qf7 g4 35. Be4 Nc7 36. Bc3 Ka6 37. Bxa5 Kxa5 38. Qc4 Qf6+ 39. Ke2 Qf2+ 40. Kd1 Qg1+ 41. Kc2 Qf2+ 42. Kb3 Qxe3+ 43. Bd3 Qd2 44. Qa4# 1-0


[Site "https://www.chess.com"]

[Event "Titled Tuesday Blitz August 17 2021"]
[White "Martins, Carlos"]
[Black "Jaiswal, Rupesh"]
[WhiteFideId "2101688"]
[BlackFideId "12300870"]
[WhiteElo "2183"]
[BlackElo "2114"]
[Result "0-1"]
[Round "10"]
[TimeControl "180+1"]
[Date "2021.08.18"]
[WhiteClock "0:00:02"]
[BlackClock "0:00:05"]

1. e4 e6 2. d4 d5 3. Nc3 Bb4 4. e5 Ne7 5. Bd2 Bxc3 6. Bxc3 c5 7. Qg4 Nbc6 8. dxc5 d4 9. O-O-O Nf5 10. Bb5 h5 11. Qe4 Bd7 12. Bd2 Nxe5 13. Qxe5 Bxb5 14. Nf3 Bc6 15. Rhe1 Qd5 16. Qxd5 Bxd5 17. a3 Bxf3 18. gxf3 O-O-O 19. b4 Kc7 20. h3 Kc6 21. Kb2 a5 22. Kb3 axb4 23. axb4 Kb5 24. Ra1 Ra8 25. Bf4 Rhd8 26. Rxa8 Rxa8 27. Re5 Ra1 28. c4+ dxc3 29. Kxc3 Ra3+ 30. Kd2 Rxf3 31. Be3 Nxe3 32. fxe3 Kxb4 33. Rxh5 g6 34. Rh7 Kxc5 35. Ke2 Rf6 36. Rh4 b5 37. Rd4 Rf5 38. Rd7 b4 39. Rb7 Kc4 40. e4 Rf4 41. Ke3 Rf1 42. Rc7+ Kb3 43. h4 Kb2 44. Ke2 Rf6 45. Kd3 b3 46. Kc4 Rf4 47. Rb7 Rxe4+ 48. Kd3 Rf4 49. Ke3 e5 50. Rb5 Rxh4 51. Rxe5 Rh3+ 52. Kd2 f5 53. Re6 Rg3 54. Ra6 f4 55. Rf6 g5 56. Rf5 Rg2+ 57. Kd1 Kb1 58. Rb5 b2 59. Rf5 Rg3 60. Kd2 Ka2 61. Ra5+ Ra3 0-1


[Site "https://www.chess.com"]

[Event "Titled Tuesday Blitz August 17 2021"]
[White "Matinian, Nikita"]
[Black "Gedajlovic, Max"]
[WhiteFideId "24129100"]
[BlackFideId "2616840"]
[WhiteElo "2410"]
[BlackElo "2137"]
[Result "0-1"]
[Round "10"]
[TimeControl "180+1"]
[Date "2021.08.17"]
[WhiteClock "0:01:03"]
[BlackClock "0:00:56"]

1. e4 e6 2. d4 d5 3. Nc3 Bb4 4. e5 c5 5. a3 Bxc3+ 6. bxc3 Ne7 7. Qg4 Qc7 8. Qxg7 Rg8 9. Qxh7 cxd4 10. Ne2 dxc3 11. h4 Nbc6 12. h5 Bd7 13. h6 O-O-O 14. Bf4 Ng6 15. g3 Ncxe5 16. Bg2 Bb5 17. Nd4 Nxf4 18. gxf4 Rxg2 19. Nxb5 Qc5 20. Rf1 Nf3+ 21. Ke2 Ng1+ 22. Kd3 Qc4+ 23. Ke3 Qe2+ 24. Kd4 Nf3+ 25. Kxc3 Qc4+ 26. Kb2 Qxb5+ 27. Ka2 Qc4+ 28. Kb2 Qd4+ 29. Ka2 Nd2 30. Rfd1 Qc4+ 31. Kb2 Rxf2 32. Qxf7 d4 33. h7 Qc3+ 0-1


[Site "https://www.chess.com"]